 Dungeon Crawl Stone Soup version 0.31-a0-986-g5e6e4ef867 (webtiles) character file.

Game seed: 6834479396820998354

525949 Lobster4 the Sorcerer (level 24, -5/139 (140) HPs)
             Began as a Deep Elf Conjurer on Nov 9, 2023.
             Was the Champion of Vehumet.
             Shot with a bolt by a yaktaur captain (26 damage)
             ... on level 5 of the Vaults on Nov 10, 2023.
             The game lasted 05:32:09 (79079 turns).

Lobster4 the Sorcerer (Deep Elf Conjurer)          Turns: 79079, Time: 05:32:10

HP:   -5/139 (140)  AC: 23    Str: 13    XL:     24   Next: 80%
MP:   54/54         EV: 17    Int: 33    God:    Vehumet [******]
Gold: 2650          SH: 16    Dex: 15    Spells: 21/74 levels left

rFire   + + .        b - +9 hand cannon (freeze)
rCold   + + +        Q - +4 kite shield {reflect}
rNeg    + . .        Y - +3 ring mail {rC+}
rPois   +            G - +2 hat {Will+}
rElec   +            s - +2 cloak {rCorr}
rCorr   +            F - +2 pair of gloves
SInv    +            f - +2 pair of boots
Will    +++..        K - amulet "Jeezumoa" {RegenMP rN+ Str+2}
Stlth   ++++++       c - ring "Curagrem" {rPois Int+3 SInv}
HPRegen 0.43/turn    h - ring of Xom's Recklessness {rElec rF+ rC+ Str+3}
MPRegen 0.74/turn

%: reflection
@: brilliant, resistant, studying 3 skills, lightly drained
A: no striking features
}: 2/15 runes: decaying, serpentine
a: Renounce Religion


You were on level 5 of the Vaults.
You worshipped Vehumet.
Vehumet was exalted by your worship.
You visited 10 branches of the dungeon, and saw 46 of its levels.
You also visited: Bailey and Ice Cave.

You collected 9337 gold pieces.
You spent 6687 gold pieces at shops.

Inventory:

Hand Weapons
 b - a +9 hand cannon of freezing (weapon)
Armour
 f - a +2 pair of boots (worn)
 s - a +2 cloak of preservation (worn)
 v - the +3 faerie dragon scales {rCorr HP-2 Int+6}
   (You took it off the Enchantress on level 2 of the Depths)

   Int+6:     It affects your intelligence (+6).
   HP-2:      It affects your health (-2).
   rCorr:     It protects you from acid and corrosion.
 F - a +2 pair of gloves (worn)
 G - a +2 hat of willpower (worn)
 Q - a +4 kite shield of reflection (worn)
 Y - a +3 ring mail of cold resistance (worn)
Magical Staves
 a - a staff of conjuration
 e - a staff of air
 j - a staff of cold
 P - a staff of poison
Jewellery
 c - the ring "Curagrem" (left hand) {rPois Int+3 SInv}
   (You took it off a spriggan berserker on level 1 of the Depths)

   [ring of see invisible]

   Int+3:     It affects your intelligence (+3).
   rPois:     It protects you from poison SInv: It lets you see invisible.
 g - the ring "Vatat" {Fly rElec rF++ rC- Str+2}
   (You found it on level 1 of the Depths)

   [ring of flight]

   Str+2:     It affects your strength (+2).
   rF++:      It greatly protects you from fire.
   rC-:       It makes you vulnerable to cold.
   rElec:     It insulates you from electricity.
   Fly:       It grants you flight.
 h - the ring of Xom's Recklessness (right hand) {rElec rF+ rC+ Str+3}
   (You found it on level 3 of the Snake Pit)

   [ring of protection from fire]

   Str+3:     It affects your strength (+3).
   rF+:       It protects you from fire.
   rC+:       It protects you from cold.
   rElec:     It insulates you from electricity.
 K - the amulet "Jeezumoa" (around neck) {RegenMP rN+ Str+2}
   (You bought it in a shop on level 11 of the Dungeon)

   [amulet of magic regeneration]

   RegenMP:   It increases your rate of magic regeneration.
   Str+2:     It affects your strength (+2).
   rN+:       It protects you from negative energy.
Wands
 d - a wand of iceblast (38)
 A - a wand of digging (32)
 B - a wand of mindburst (23)
 C - a wand of quicksilver (28)
Scrolls
 l - 2 scrolls of fog
 m - 5 scrolls of silence
 o - a scroll of immolation
 p - 4 scrolls of butterflies
 q - 3 scrolls of revelation
 D - 4 scrolls of blinking
 N - 15 scrolls of teleportation
 O - 9 scrolls of fear
 R - 7 scrolls of poison
Potions
 k - 7 potions of haste
 n - 10 potions of mutation
 t - 8 potions of might
 u - a potion of magic
 w - a potion of ambrosia
 x - 10 potions of enlightenment
 y - a potion of cancellation
 E - 14 potions of curing
 L - 8 potions of lignification
 S - 3 potions of invisibility
 T - 5 potions of heal wounds
 U - 2 potions of resistance
Miscellaneous
 M - a lightning rod (4/4)
 W - a phial of floods


   Skills:
 + Level 11.0 Fighting
 - Level 4.0(4.2) Short Blades
 - Level 1.9(3.0) Long Blades
 - Level 19.0 Ranged Weapons
 + Level 13.5 Armour
 + Level 16.0 Dodging
 - Level 19.0 Stealth
 + Level 12.0 Shields
 + Level 25.6 Spellcasting
 + Level 22.1 Conjurations
 - Level 5.0 Hexes
 - Level 10.0 Summonings
 - Level 7.0 Translocations
 - Level 4.0 Ice Magic
 - Level 13.0 Air Magic
 - Level 7.0 Earth Magic
 - Level 3.0 Poison Magic
 - Level 3.0 Evocations


You had 21 spell levels left.
You knew the following spells:

 Your Spells              Type           Power      Damage    Failure   Level
a - Magic Dart            Conj           100%       1d8       0%          1
b - Searing Ray           Conj           100%       2d8       0%          2
c - Bombard               Conj/Erth      59%        9d10      1%          6
d - Iskenderun's Mystic   Conj/Tloc      100%       2d19      1%          4
e - Mephitic Cloud        Conj/Pois/Air  100%       N/A       1%          3
f - Freezing Cloud        Conj/Ice/Air   56%        6-21      1%          5
g - Poisonous Vapours     Pois/Air       100%       N/A       1%          2
h - Airstrike             Air            56%        2d(9-25)  1%          4
i - Spellforged Servitor  Conj/Summ      61%        N/A       1%          7
k - Brom's Barrelling Bo  Conj/Erth      100%       2d11      1%          4
l - Lee's Rapid Deconstr  Erth           46%        3d22*     1%          5
p - Fulminant Prism       Conj/Hex       57%        3d24      1%          4
s - Swiftness             Air            100%       N/A       1%          3
v - Volatile Blastmotes   Fire/Tloc      100%       2d18      1%          3

Your spell library contained the following spells:

 Spells                   Type           Power      Damage    Failure   Level
 Fire Storm               Conj/Fire      53%        8d14      99%         9
 Polar Vortex             Ice            40%        12d5*     100%        9
 Shatter                  Erth           46%        3d36*     100%        9
 Kiss of Death            Conj/Necr      100%       2d13      0%          1
 Shock                    Conj/Air       100%       1d9       0%          1
 Momentum Strike          Conj/Tloc      100%       3d10      0%          2
 Static Discharge         Conj/Air       100%       3-8/arc   0%          2
 Stone Arrow              Conj/Erth      100%       3d13      0%          3
 Iskenderun's Battlesphe  Conj           100%       2d15      0%          5
 Apportation              Tloc           100%       N/A       1%          1
 Sandblast                Erth           100%       2d20      1%          1
 Slow                     Hex            100%       N/A       1%          1
 Summon Small Mammal      Summ           100%       N/A       1%          1
 Blink                    Tloc           100%       N/A       1%          2
 Ensorcelled Hibernation  Hex/Ice        100%       N/A       1%          2
 Lesser Beckoning         Tloc           100%       N/A       1%          2
 Passwall                 Tmut/Erth      65%        N/A       1%          2
 Confusing Touch          Hex            85%        N/A       1%          3
 Dazzling Flash           Conj/Hex       100%       N/A       1%          3
 Frozen Ramparts          Ice            100%       1d16      1%          3
 Hailstorm                Conj/Ice       100%       3d20      1%          3
 Inner Flame              Hex/Fire       73%        N/A       1%          3
 Sigil of Binding         Hex            85%        N/A       1%          3
 Tukima's Dance           Hex            85%        N/A       1%          3
 Flame Wave               Conj/Fire      100%       2d21      1%          4
 Leda's Liquefaction      Hex/Erth       44%        N/A       1%          4
 Manifold Assault         Tloc           93%        N/A       1%          4
 Olgreb's Toxic Radiance  Pois           75%        N/A       1%          4
 Passage of Golubria      Tloc           93%        N/A       1%          4
 Sticky Flame             Conj/Fire      100%       2d11      1%          4
 Summon Ice Beast         Ice/Summ       93%        N/A       1%          4
 Vhi's Electric Charge    Tloc/Air       100%       N/A       1%          4
 Arcjolt                  Conj/Air       63%        1d73      1%          5
 Fireball                 Conj/Fire      53%        3d21      1%          5
 Summon Forest            Summ/Tloc      49%        N/A       1%          5
 Necrotise                Necr           100%       1d9       2%          1
 Cause Fear               Hex            42%        N/A       2%          4
 Summon Mana Viper        Hex/Summ       95%        N/A       2%          5
 Sublimation of Blood     Necr           59%        N/A       3%          2
 Wereblood                Tmut           59%        N/A       3%          2
 Petrify                  Tmut/Erth      78%        N/A       5%          4
 Summon Cactus Giant      Summ           52%        N/A       5%          6
 Yara's Violent Unravell  Hex/Tmut       36%        3d15      6%          5
 Vampiric Draining        Necr           59%        2d10      7%          3
 Plasma Beam              Fire/Air       45%        2x1d60    7%          6
 Anguish                  Hex/Necr       36%        N/A       8%          4
 Metabolic Englaciation   Hex/Ice        41%        N/A       10%         5
 Animate Dead             Necr           59%        N/A       22%         4
 Dispel Undead            Necr           59%        3d21      22%         4
 Summon Hydra             Summ           52%        N/A       30%         7
 Malign Gateway           Summ/Tloc      49%        N/A       50%         7
 Simulacrum               Ice/Necr       35%        N/A       83%         6
 Haunt                    Necr/Summ      42%        N/A       94%         7
 Summon Horrible Things   Summ           52%        N/A       94%         8
 Borgnjor's Revivificati  Necr           29%        N/A       100%        8
 Discord                  Hex            42%        N/A       100%        8
 Ignition                 Fire           29%        3d9       100%        8
 Infestation              Necr           29%        N/A       100%        8
 Death's Door             Necr           29%        N/A       100%        9
 Dragon's Call            Summ           52%        N/A       100%        9


Dungeon Overview and Level Annotations

Branches:
Dungeon (15/15)            Temple (1/1) D:4            Lair (5/5) D:9
  Swamp (4/4) Lair:2        Snake (4/4) Lair:2        Slime (0/5) Lair:5
    Orc (2/2) D:9             Elf (3/3) Orc:2        Vaults (5/5) D:13
  Crypt (3/3) Vaults:2       Tomb (0/3) Crypt:3      Depths (4/4) D:15
    Zot (0/5) Depths:4     Bailey (visited)           IceCv (visited)

Altars:
Ashenzari
Cheibriados
Dithmenos
Elyvilon
Fedhas
Gozag
Hepliaklqana
Kikubaaqudgha
Makhleb
Nemelex Xobeh
Okawaru
Qazlal
Ru
Sif Muna
Trog
Uskayaw
Vehumet
Wu Jian
Xom
Yredelemnul
Zin
The Shining One
Jiyva

Shops:
D:10 (   D:11 *   D:13 (   D:15 [   Orc:2 *[![!   Snake:3 (*   Snake:4 :==*
Vaults:2 (   Vaults:3 :   Vaults:4 [

Portals:
Hell: Depths:1 Depths:2 Depths:3 Depths:4
Abyss: Depths:1 Depths:2 Depths:3
Pandemonium: Depths:2
Ziggurat: Depths:4


Message History

The frost giant collides with the deep troll!
The deep troll is lightly wounded.
The frost giant is moderately wounded.
The mystic blast hits the deep elf demonologist!
The deep elf demonologist is almost dead.
The deep elf demonologist is knocked back by the mystic blast.
The deep elf demonologist collides with the hell beast!
The hell beast is heavily wounded.
The deep elf demonologist is almost dead.
The mystic blast hits the freezing wraith!
You destroy the freezing wraith!
Vehumet accepts your kill.
You feel your power returning.
The mystic blast hits the iron dragon!
The iron dragon is heavily wounded.
The iron dragon is knocked back by the mystic blast.
The mystic blast hits the fire giant!!
The fire giant is severely wounded.
The fire giant is knocked back by the mystic blast.
The mystic blast hits the phantasmal warrior!!
You destroy the phantasmal warrior!
Vehumet accepts your kill.
You feel your power returning.
The mystic blast hits the stone giant!!
The stone giant is almost dead.
The wolf spider changes into an anaconda!
The hell beast screeches, "Thy skull shall be my repast!"
The yaktaur captain shoots a bolt.
The bolt hits you!!
* * * LOW HITPOINT WARNING * * *
The phantasmal warrior gestures at you.
The phantasmal warrior blinks!
Unknown command.
Magic restored.
The anaconda changes into a goliath frog!
The stone giant throws a large rock.
You block the large rock with your +4 kite shield of reflection... and reflect it back!
The large rock hits the stone giant!!
You kill the stone giant!
Vehumet accepts your kill.
The vault sentinel blows a loud note on a signal horn!
The yaktaur captain shoots a bolt.
The bolt hits you!!
You die...

#....# #....# ##
# #.F..# #.##
##9#ยง[..##.#.#
T##.[#[pW.#.#.#
..T.uC..[.[..#
####[...[...#####
..u[)C.@<).Q.....
p.....<..<4.[....
....[TC<<.D.[....
..[.[.p3p.).[....
####..p[..ce#####
.....[..2...
...#....#....
#...#....#..#. #.
#....#..#..


You could see an iron dragon, a frost giant, 2 very ugly things, a fire giant, a
tengu reaver (repels missiles), a hell beast (summoned), a yaktaur captain, a
vault guard, an ettin, a hell knight, 3 deep trolls, a deep elf demonologist
(strong), a war gargoyle, 2 vault sentinels, a phantasmal warrior, an ironbound
convoker, a rust devil (summoned), a goliath frog shaped shifter and a sixfirhy
(summoned).

Vanquished Creatures
  Khufu (Crypt:3)
  Mara (Vaults:4)
  2 juggernauts
  A royal mummy (Crypt:1)
  Boris (Depths:3)
  Saint Roka (Snake:2)
  Vashnia (Snake:2)
  2 caustic shrikes (Depths:3)
  2 golden dragons
  Nikola (Snake:1)
  3 bone dragons
  Jory (Depths:2)
  the Enchantress (Depths:2)
  2 doom hounds (Depths:3)
  A profane servitor (Crypt:3)
  2 tentacled monstrosities (Depths:3)
  An Ice Fiend (Depths:2)
  Jorgrun (Orc:1)
  4 liches
  Rupert (Orc:2)
  A walking earthen tome (Depths:4)
  A deep elf blademaster (Elf:3)
  2 titans (Vaults:4)
  5 deep elf master archers (Elf:3)
  Grunn (Depths:3)
  Asterion (Snake:3)
  2 quicksilver dragons (Depths:3)
  Gastronok (D:9)
  2 thorn hunters
  9 sphinxes
  2 ancient champions
  A storm dragon (Vaults:5)
  2 draconian knights (Depths:4)
  Roxanne (D:14)
  Donald (Vaults:4)
  12 frost giants
  4 nagarajas (Snake:4)
  3 tengu reavers
  Aizul (Snake:1)
  4 revenants
  5 fire giants
  2 fenstrider witches
  4 deep elf elementalists (Elf:3)
  6 deep elf sorcerers
  10 vault wardens
  A juggernaut zombie (Crypt:3)
  A balrug (Depths:1)
  5 ghouls
  2 orc warlords
  24 ironbound preservers
  A caustic shrike skeleton (Depths:3)
  A draconian annihilator (Depths:3)
  6 spriggan defenders
  Nessos (D:14)
  2 formless jellyfish
  11 ironbound thunderhulks
  2 war gargoyles
  A juggernaut skeleton (Crypt:2)
  9 vampire knights
  21 very ugly things
  15 stone giants
  9 eleionomae
  A green draconian (Depths:4)
  2 putrid mouths (Depths:3)
  2 black draconians (Depths:4)
  12 dire elephants
  A red draconian (Depths:4)
  A deep elf demonologist (Elf:3)
  5 bunyips
  A purple draconian (Depths:4)
  2 spark wasps (Depths:3)
  A yellow draconian (Depths:4)
  2 deep elf annihilators (Elf:3)
  A white draconian (Depths:4)
  2 eidola (Crypt:1)
  Josephine (D:14)
  4 entropy weavers
  5 deep elf death magi
  3 mummy priests
  17 ettins
  2 shambling mangroves (Swamp:4)
  8 fire dragons
  17 jiangshi
  4 deep elf high priests
  A fenstrider witch zombie (Crypt:1)
  19 great orbs of eyes
  7 yaktaur captains
  A spectral shadow dragon (Crypt:1)
  A spectral spriggan (Crypt:1)
  18 hydras
  8 rakshasas
  A peacekeeper (Vaults:2)
  9 spriggan air magi
  The ghost of Dute the Blocker, a journeyman FoFi of Cheibriados (D:13)
  6 ice dragons
  5 salamander tyrants
  34 vault guards
  4 ghost crabs
  11 ironbound frosthearts
  12 anacondas
  A catoblepas (Lair:3)
  11 alligators
  4 ogre magi (Orc:2)
  20 two-headed ogres
  10 naga warriors
  8 death knights
  32 dancing weapons
  2 boulder beetles
  A spectral draconian (Crypt:1)
  7 death yaks
  2 occultists
  2 spriggan berserkers
  5 deep troll shamans
  8 tengu warriors
  24 centaur warriors
  4 deep troll earth magi
  A spectral dire elephant (Crypt:1)
  The ghost of dialectric the Imperceptible, a journeyman SpDe of Nemelex Xobeh (Orc:2)
  2 spectral nagas (Crypt:1)
  4 orc high priests
  14 naga sharpshooters
  2 sun demons (Depths:1)
  Sonja (Lair:2)
  7 shock serpents
  2 vampire magi
  A hell knight (Depths:3)
  4 skysharks
  5 salamander mystics
  14 deep elf knights
  23 skeletal warriors
  2 spectral bunyips (Crypt:1)
  Lodul (D:12)
  An iron troll (Depths:4)
  Amaemon (Lair:3)
  7 shadow wraiths
  4 goliath frogs
  An orb spider (shapeshifter) (Depths:3)
  4 sea snakes (Snake:3)
  9 flayed ghosts
  A death drake (Swamp:4)
  61 deep trolls
  4 spriggan druids
  A spectral hydra (Crypt:1)
  6 naga ritualists
  A spectral iron dragon (Crypt:1)
  12 swamp dragons
  An obsidian statue (Crypt:1)
  6 glowing orange brains
  12 lindwurms
  4 bog bodies
  5 deep elf archers
  8 phantasmal warriors
  7 necromancers
  9 arcanists
  14 ironbound convokers
  8 orc knights
  A sphinx simulacrum (D:13)
  17 deep elf zephyrmancers
  Pikel (D:7)
  19 deep elf pyromancers
  A lindwurm (shapeshifter) (Depths:4)
  5 harpies (Vaults:2)
  4 mana vipers
  An oklob plant (Lair:3)
  A manticore (shapeshifter) (Depths:4)
  47 ugly things
  5 cyclopes
  14 salamanders
  3 orc sorcerers
  A salamander (shapeshifter) (D:15)
  7 will-o-the-wisps
  A spectral centaur (Crypt:1)
  26 black mambas
  An elf zombie (Vaults:3)
  Maurice (D:9)
  6 elephants (Lair:3)
  6 naga magi
  14 vault sentinels
  A rust devil (D:14)
  A centaur zombie (D:13)
  7 guardian serpents
  19 cane toads
  A black mamba (shapeshifter) (D:13)
  2 ice statues (IceCv)
  A storm dragon simulacrum (Depths:2)
  2 gargoyles (D:12)
  An orange demon (Lair:3)
  A torpor snail (Lair:5)
  A dire elephant skeleton (Crypt:3)
  3 rime drakes
  A sea snake zombie (Crypt:1)
  An unseen horror (D:11)
  Psyche (D:9)
  7 komodo dragons
  10 freezing wraiths
  A rime drake (shapeshifter) (Elf:3)
  5 ice devils
  25 yaktaurs
  A redback zombie (D:13)
  A tormentor (Depths:3)
  An anaconda simulacrum (IceCv)
  A minotaur skeleton (Crypt:2)
  2 spark wasp simulacra (Depths:2)
  A kobold demonologist (D:13)
  16 guardian mummies
  10 tengu conjurers
  2 red devils (D:14)
  A spectral harpy (Crypt:1)
  2 polar bears
  A yellow draconian skeleton (Crypt:1)
  Grinder (D:6)
  2 bloated husks (Swamp:2)
  3 meliai (D:14)
  3 trolls
  A tarantella (shapeshifter) (Depths:3)
  11 blink frogs
  A wolf spider simulacrum (D:13)
  10 tyrant leeches
  A nameless horror (Swamp:4)
  14 hornets
  2 large abominations (Crypt:3)
  2 glass eyes (Depths:1)
  62 flying skulls
  3 air elementals
  A jumping spider (Vaults:3)
  35 slime creatures
  4 shadows
  2 spectral black mambas (Crypt:1)
  2 ynoxinuls (D:14)
  15 spriggans
  8 wraiths
  4 dire elephant simulacra
  4 centaur simulacra
  2 vampires (D:12)
  2 fire elementals (Elf:2)
  4 water elementals
  A steam dragon (D:9)
  4 wyverns
  53 yaks
  5 basilisks
  11 vampire mosquitoes
  An elf skeleton (Vaults:2)
  4 redbacks
  12 swamp worms
  3 wargs
  5 hydra simulacra (IceCv)
  A harpy simulacrum (IceCv)
  36 nagas
  A naga (shapeshifter) (Depths:3)
  3 acid dragons
  2 cane toad zombies (Crypt:2)
  17 water moccasins
  5 black bears
  5 swamp drakes
  33 orc warriors
  A sky beast (D:7)
  5 boggarts
  5 wolves (Lair:1)
  40 ogres
  3 ice beasts
  8 centaurs
  A lindwurm zombie (Crypt:2)
  A lindwurm skeleton (Crypt:2)
  A lemure (D:7)
  A rime drake zombie (Crypt:1)
  3 phantoms
  The ghost of jpeg9000 the Magician, an amateur DEEE (D:3)
  A kobold brigand (D:10)
  3 gnoll sergeants
  4 necrophages
  17 bullfrogs
  A bullfrog (shapeshifter) (Depths:4)
  2 earth elementals
  A glowing shapeshifter simulacrum (Vaults:3)
  A cane toad simulacrum (IceCv)
  5 scorpions
  A salamander skeleton (Crypt:1)
  A warg zombie (Crypt:1)
  A troll zombie (Crypt:1)
  A water moccasin skeleton (Crypt:2)
  An elephant simulacrum (IceCv)
  24 killer bees
  2 howler monkeys
  3 electric eels
  2 small abominations (Crypt:3)
  4 jellies (Lair:5)
  21 orc priests
  7 hounds
  4 gnoll boudas
  A sleepcap (D:5)
  Natasha (thrice) (D:3)
  Ijyb (D:3)
  Terence (D:3)
  An iguana (D:5)
  17 orc wizards
  A polar bear simulacrum (IceCv)
  A troll simulacrum (IceCv)
  7 hell rats (Lair:1)
  36 gnolls
  A steam dragon zombie (Crypt:2)
  4 adders
  A steam dragon skeleton (Crypt:2)
  A white imp (D:5)
  An ufetubus (IceCv)
  3 dart slugs
  84 orcs
  3 bats
  8 endoplasms
  4 giant cockroaches (D:1)
  4 goblins
  4 hobgoblins
  7 jackals
  7 quokkas
  7 ball pythons
  5 frilled lizards (D:1)
  13 kobolds
  An orc zombie (Crypt:1)
  6 rats
1992 creatures vanquished.

Vanquished Creatures (collateral kills)
  A deep elf master archer (Elf:3)
  An ironbound thunderhulk (Vaults:2)
  A deep elf annihilator (Elf:3)
  3 dire elephants (Vaults:2)
  A mummy priest (Crypt:1)
  2 great orbs of eyes
  A ghost crab (Swamp:3)
  An anaconda (Snake:3)
  A deep troll earth mage (Depths:4)
  A deep troll shaman (Depths:3)
  2 naga sharpshooters (Snake:2)
  A deep elf knight (Elf:2)
  4 deep trolls
  3 swamp dragons (Swamp:4)
  A lindwurm (Vaults:1)
  A sea snake (Snake:3)
  A spectral hydra (Crypt:1)
  3 deep elf pyromancers
  An ugly thing (Vaults:3)
  A spectral fire dragon (Crypt:1)
  A black mamba (Snake:2)
  A naga mage (Snake:2)
  A hornet (Swamp:3)
  A flying skull (Crypt:3)
  A spriggan (Swamp:3)
  A naga (Snake:2)
  A swamp drake (Swamp:4)
  3 necrophages (Crypt:3)
  17 boulders
58 creatures vanquished.

Vanquished Creatures (others)
  A bunyip (Swamp:3)
  A phantasmal warrior (Vaults:5)
  A spectral wolf spider (D:13)
  A bloated husk (Swamp:2)
  A naga (Snake:1)
  An orc warrior (Elf:1)
  24 boulders
  28 foxfires
  30 fulminant prisms
88 creatures vanquished.

Grand Total: 2138 creatures vanquished

Notes
Turn   | Place    | Note
-------+----------+-------------------------------------------
     0 | D:1      | Lobster4 the Deep Elf Conjurer began the quest for the Orb.
     0 | D:1      | Reached XP level 1. HP: 10/10 MP: 6/6
   160 | D:1      | Reached XP level 2. HP: 15/15 MP: 4/8
   211 | D:1      | Learned a level 2 spell: Searing Ray
   633 | D:1      | Reached XP level 3. HP: 19/19 MP: 0/9
  1284 | D:2      | Reached skill level 1 in Armour
  1511 | D:2      | Found a sparkling altar of Nemelex Xobeh.
  1714 | D:2      | Reached XP level 4. HP: 24/24 MP: 6/11
  1826 | D:2      | Reached skill level 4 in Spellcasting
  1932 | D:2      | Found a faded altar of an unknown god.
  2075 | D:3      | Noticed Ijyb
  2081 | D:3      | Killed Ijyb
  2082 | D:3      | Reached skill level 5 in Conjurations
  2354 | D:3      | Noticed Natasha
  2357 | D:3      | Killed Natasha
  2358 | D:3      | Reached skill level 1 in Short Blades
  2358 | D:3      | Reached XP level 5. HP: 27/28 MP: 8/13
  2398 | D:3      | Noticed Terence
  2410 | D:3      | Noticed Natasha
  2413 | D:3      | Learned a level 4 spell: Iskenderun's Mystic Blast
  2434 | D:3      | Killed Natasha
  2435 | D:3      | Reached skill level 1 in Fighting
  2722 | D:3      | Found a transporter.
  2723 | D:3      | Found a transporter.
  2741 | D:3      | Identified the +0 spear of Sunlight {pain, rElec}
  2765 | D:3      | Noticed Natasha
  2769 | D:3      | Killed Natasha
  2770 | D:3      | Reached skill level 1 in Translocations
  2770 | D:3      | Reached skill level 1 in Evocations
  2830 | D:3      | Noticed jpeg9000's ghost (amateur DEEE)
  3158 | D:4      | Reached XP level 6. HP: 34/34 MP: 8/15
  3525 | D:4      | Reached skill level 1 in Ranged Weapons
  3525 | D:4      | Reached skill level 5 in Spellcasting
  3736 | D:4      | Found a staircase to the Ecumenical Temple.
  3742 | Temple   | Entered the Ecumenical Temple
  3750 | Temple   | Became a worshipper of Vehumet
  4195 | D:5      | Entered Level 5 of the Dungeon
  4283 | D:5      | Reached XP level 7. HP: 38/38 MP: 11/17
  4590 | D:5      | Reached skill level 6 in Spellcasting
  4948 | D:5      | Reached XP level 8. HP: 43/43 MP: 12/19
  5029 | D:5      | Identified the +2 rapier of Beyond {freeze, Str+5 Dex+3
                  | Stlth-}
  5336 | D:6      | Reached * piety under Vehumet
  5336 | D:6      | Offered knowledge of Kiss of Death by Vehumet.
  5662 | D:6      | Found a hazy altar of Hepliaklqana.
  5879 | D:6      | Found a basalt altar of Yredelemnul.
  5918 | D:6      | Reached skill level 7 in Spellcasting
  5971 | D:6      | Reached skill level 5 in Ranged Weapons
  6206 | D:6      | Reached skill level 1 in Shields
  6463 | D:6      | Learned a level 3 spell: Mephitic Cloud
  6513 | D:6      | Found an iron altar of Okawaru.
  6514 | D:6      | Found an ancient bone altar of Kikubaaqudgha.
  6577 | D:6      | Reached XP level 9. HP: 47/47 MP: 12/22
  6981 | D:6      | Found an opulent altar of Gozag.
  6981 | D:6      | Found a sparkling altar of Nemelex Xobeh.
  6982 | D:6      | Noticed Grinder
  7302 | D:7      | Reached skill level 5 in Stealth
  7459 | D:7      | Reached ** piety under Vehumet
  7459 | D:7      | Offered knowledge of Momentum Strike by Vehumet.
  7463 | D:7      | Learned a level 2 spell: Momentum Strike
  7489 | D:7      | Noticed Pikel
  7493 | D:7      | Killed Pikel
  7494 | D:7      | Reached skill level 8 in Spellcasting
  7494 | D:7      | Reached skill level 5 in Translocations
  9248 | D:8      | Reached XP level 10. HP: 52/52 MP: 24/24
  9331 | D:8      | Reached skill level 1 in Poison Magic
  9615 | D:9      | Identified the +7 halberd of Youthful Indiscretion {freeze,
                  | Will++}
  9640 | D:9      | Found a staircase to the Orcish Mines.
  9641 | D:9      | Noticed Maurice
  9662 | D:9      | Reached skill level 9 in Spellcasting
  9662 | D:9      | Reached skill level 1 in Air Magic
  9664 | D:9      | Paralysed by a hornet for 2 turns
  9670 | D:9      | Reached skill level 5 in Dodging
  9723 | D:9      | Found a staircase to the Lair.
  9726 | D:9      | Noticed a death yak
  9798 | D:9      | Offered knowledge of Static Discharge by Vehumet.
  9952 | D:9      | Killed Maurice
 10089 | D:9      | Found a flagged portal.
 10098 | Bailey   | Entered a bailey
 10185 | Bailey   | Reached *** piety under Vehumet
 10500 | Bailey   | Offered knowledge of Volatile Blastmotes by Vehumet.
 10511 | Bailey   | Learned a level 3 spell: Volatile Blastmotes
 10552 | Bailey   | Acquired a +5 hand cannon of freezing
 10556 | Bailey   | Noticed an orc knight
 10592 | Bailey   | Killed an orc knight
 10593 | Bailey   | Reached skill level 10 in Spellcasting
 10724 | D:9      | Noticed Gastronok
 10880 | D:9      | Noticed Psyche
 10887 | D:9      | Killed Psyche
 10891 | D:9      | Reached XP level 11. HP: 57/57 MP: 12/27
 11004 | D:9      | You fall into a shaft and drop 1 floor!
 11004 | D:10     | Entered Level 10 of the Dungeon
 11015 | D:10     | Noticed a two-headed ogre
 11033 | D:10     | Noticed a two-headed ogre
 11041 | D:10     | Killed a two-headed ogre
 11048 | D:10     | Reached **** piety under Vehumet
 11051 | D:10     | Killed a two-headed ogre
 11180 | D:10     | Found Bidghez's Antique Weapon Shop.
 11242 | D:9      | Found an ornate altar of the Wu Jian Council.
 11442 | D:9      | Noticed a death yak
 11629 | D:3      | Identified the of Kasal (You acquired it on level 3 of the
                  | Dungeon)
 11629 | D:3      | Acquired 900 gold pieces
 11764 | D:3      | Offered knowledge of Sticky Flame by Vehumet.
 12023 | D:3      | Killed Terence
 12059 | D:3      | Reached skill level 10 in Ranged Weapons
 12059 | D:3      | Reached skill level 5 in Shields
 12059 | D:3      | Reached skill level 11 in Spellcasting
 12059 | D:3      | Reached skill level 10 in Conjurations
 12059 | D:3      | Reached XP level 12. HP: 62/62 MP: 27/29
 12066 | D:3      | Learned a level 5 spell: Freezing Cloud
 12091 | D:3      | Killed jpeg9000's ghost
 12376 | D:6      | Killed Grinder
 12488 | D:9      | Noticed a death yak
 12498 | D:9      | Killed a death yak
 12499 | D:9      | Reached skill level 12 in Spellcasting
 12697 | D:9      | Killed a death yak
 12697 | D:9      | Killed a death yak
 12872 | D:9      | Killed Gastronok
 13097 | Lair:5   | Identified the "Paotilo"
 13097 | Orc:1    | Entered Level 1 of the Orcish Mines
 13264 | Orc:2    | Entered Level 2 of the Orcish Mines
 13264 | Orc:2    | Noticed a two-headed ogre
 13264 | Orc:2    | Found a staircase to the Elven Halls.
 13265 | Orc:2    | Noticed an orc warlord
 13322 | Lair:1   | Entered Level 1 of the Lair of Beasts
 14020 | Lair:1   | Reached skill level 13 in Spellcasting
 14164 | Lair:1   | Reached XP level 13. HP: 66/66 MP: 20/32
 14290 | Lair:1   | Learned a level 2 spell: Poisonous Vapours
 14354 | Lair:1   | Reached ***** piety under Vehumet
 14621 | Lair:1   | Offered knowledge of Irradiate by Vehumet.
 15124 | Lair:2   | Found a staircase to the Snake Pit.
 15157 | Lair:2   | Reached skill level 10 in Stealth
 15361 | Lair:2   | Found a staircase to the Swamp.
 15472 | Lair:2   | Noticed Sonja
 15475 | Lair:2   | Killed Sonja
 15998 | Lair:3   | Noticed Amaemon
 16006 | Lair:3   | Killed Amaemon
 16456 | Lair:3   | Reached skill level 14 in Spellcasting
 18074 | Lair:4   | You fall into a shaft and drop 1 floor!
 18074 | Lair:5   | Entered Level 5 of the Lair of Beasts
 18115 | Lair:5   | Reached skill level 15 in Spellcasting
 18355 | Lair:5   | Offered knowledge of Airstrike by Vehumet.
 18988 | Lair:5   | Reached XP level 14. HP: 72/72 MP: 29/35
 19751 | Lair:5   | Learned a level 4 spell: Airstrike
 19821 | Lair:5   | Found a viscous altar of Jiyva.
 19821 | Lair:5   | Found a staircase to the Slime Pits.
 19936 | Lair:5   | Identified the +1 plate armour "Fabe" {Rampage Fly rPois
                  | MP+9 Int-2}
 20542 | Orc:2    | Killed an orc warlord
 20543 | Orc:2    | Reached skill level 15 in Ranged Weapons
 20725 | Orc:2    | Offered knowledge of Spellforged Servitor by Vehumet.
 20734 | Orc:2    | Learned a level 7 spell: Spellforged Servitor
 20764 | Orc:2    | Found a runed translucent gate.
 20766 | Orc:2    | Found a runed translucent gate.
 20766 | Orc:2    | Noticed dialectric's ghost (journeyman SpDe)
 20798 | Orc:2    | Found a runed translucent gate.
 20984 | Orc:2    | Noticed Rupert
 20991 | Orc:2    | Killed Rupert
 20992 | Orc:2    | Reached skill level 1 in Summonings
 20993 | Orc:2    | Reached skill level 16 in Spellcasting
 21479 | Orc:2    | Found Beqoym's Distillery.
 21479 | Orc:2    | Found Jusauv's Distillery.
 21479 | Orc:2    | Found Uvuekugg's Antique Armour Shop.
 21479 | Orc:2    | Found Yxaom's Armour Shoppe.
 21492 | Orc:2    | Bought a potion of attraction for 36 gold pieces
 21498 | Orc:2    | Bought a runed buckler for 247 gold pieces
 21517 | Orc:2    | Bought a potion of heal wounds for 80 gold pieces
 21517 | Orc:2    | Bought a potion of heal wounds for 80 gold pieces
 21517 | Orc:2    | Bought a potion of heal wounds for 80 gold pieces
 21517 | Orc:2    | Bought a potion of resistance for 160 gold pieces
 21517 | Orc:2    | Bought a potion of ambrosia for 128 gold pieces
 21518 | Orc:2    | Bought a potion of haste for 120 gold pieces
 21520 | Orc:2    | Bought a transparent robe for 188 gold pieces
 21520 | Orc:2    | Identified the +2 robe "Dezolicy" {Harm rF- Str+2} (You
                  | bought it in a shop on level 2 of the Orcish Mines)
 21569 | Orc:2    | Found Muunisch's Assorted Antiques.
 21578 | Orc:2    | Bought a scroll of blinking for 232 gold pieces
 21578 | Orc:2    | Bought a scroll of teleportation for 93 gold pieces
 21798 | Orc:2    | Killed dialectric's ghost
 21987 | Orc:1    | Reached XP level 15. HP: 80/80 MP: 21/37
 22095 | Orc:1    | Noticed Jorgrun
 22107 | Orc:1    | Killed Jorgrun
 22798 | Orc:1    | Offered knowledge of Starburst by Vehumet.
 23720 | D:11     | Identified the +1 hand axe "Raihinop" {drain, rF+ MP+9
                  | Str+3}
 23853 | D:11     | Found Gozag's Platinum Reserve.
 23856 | D:11     | Found an opulent altar of Gozag.
 24384 | D:12     | Reached skill level 5 in Air Magic
 24498 | D:12     | Noticed Lodul
 24502 | D:12     | Killed Lodul
 25925 | D:13     | Found a gate to the Vaults.
 25995 | D:13     | Found a runed translucent gate.
 25995 | D:13     | Found a runed translucent gate.
 25995 | D:13     | Found a runed translucent gate.
 26003 | D:13     | Noticed Dute's ghost (journeyman FoFi)
 26069 | D:13     | Found a frozen archway.
 26154 | IceCv    | Entered an ice cave
 26277 | IceCv    | Learned a level 4 spell: Fulminant Prism
 26814 | IceCv    | Offered knowledge of Lee's Rapid Deconstruction by Vehumet.
 26821 | IceCv    | Learned a level 5 spell: Lee's Rapid Deconstruction
 26927 | IceCv    | Reached skill level 1 in Hexes
 27354 | D:13     | Found Jonin's Weapon Emporium.
 27505 | D:13     | Reached skill level 5 in Fighting
 27735 | D:14     | Reached skill level 1 in Earth Magic
 27871 | D:14     | Noticed Josephine
 27877 | D:14     | Killed Josephine
 28174 | D:14     | Reached skill level 5 in Summonings
 28385 | D:14     | Reached skill level 17 in Spellcasting
 28390 | D:14     | Reached XP level 16. HP: 87/87 MP: 13/39
 28684 | D:14     | Noticed Nessos
 28691 | D:14     | Killed Nessos
 28828 | D:14     | Noticed Roxanne
 28858 | D:14     | Killed Roxanne
 29228 | D:15     | Entered Level 15 of the Dungeon
 29393 | D:15     | Found Impij's Armour Shop.
 29609 | D:15     | Offered knowledge of Conjure Ball Lightning by Vehumet.
 29670 | D:15     | Found a staircase to the Depths.
 30051 | D:15     | Found a shimmering altar of Xom.
 30052 | D:15     | Found a shimmering altar of Xom.
 30053 | D:15     | Found a shimmering altar of Xom.
 30053 | D:15     | Found a shimmering altar of Xom.
 30055 | D:15     | Found a shimmering altar of Xom.
 30056 | D:15     | Found a shimmering altar of Xom.
 30056 | D:15     | Found a shimmering altar of Xom.
 30056 | D:15     | Found a shimmering altar of Xom.
 30235 | D:13     | Killed Dute's ghost
 30236 | D:13     | Reached skill level 15 in Stealth
 30411 | Snake:1  | Entered Level 1 of the Snake Pit
 30674 | Swamp:1  | Entered Level 1 of the Swamp
 31716 | Swamp:2  | Reached skill level 15 in Conjurations
 31717 | Swamp:2  | Noticed a thorn hunter
 31722 | Swamp:1  | Reached skill level 5 in Armour
 31963 | Swamp:2  | Reached skill level 5 in Hexes
 32355 | Swamp:2  | Killed a thorn hunter
 33790 | Swamp:3  | Noticed a thorn hunter
 33795 | Swamp:3  | Killed a thorn hunter
 34127 | Swamp:3  | Offered knowledge of Ozocubu's Refrigeration by Vehumet.
 34298 | Swamp:3  | Learned a level 6 spell: Bombard
 34598 | Swamp:3  | Reached XP level 17. HP: 93/93 MP: 13/40
 35142 | Swamp:4  | Entered Level 4 of the Swamp
 35618 | Swamp:4  | Reached skill level 18 in Spellcasting
 37227 | Swamp:4  | Got a decaying rune of Zot
 37497 | Elf:1    | Identified the "Agro"
 37497 | Elf:1    | Entered Level 1 of the Elven Halls
 37632 | Elf:1    | Paralysed by an air elemental for 1 turns
 38385 | Elf:1    | Learned a level 4 spell: Brom's Barrelling Boulder
 38691 | Elf:1    | Reached ****** piety under Vehumet
 39093 | Elf:2    | Found a runed translucent gate.
 39094 | Elf:2    | Found a runed translucent gate.
 39097 | Elf:2    | Found a runed translucent gate.
 39322 | Elf:2    | Reached XP level 18. HP: 81/98 MP: 10/42
 39869 | Elf:2    | Offered knowledge of Fire Storm by Vehumet.
 39869 | Elf:2    | Offered knowledge of Shatter by Vehumet.
 39869 | Elf:2    | Offered knowledge of Polar Vortex by Vehumet.
 40492 | Elf:2    | Reached skill level 19 in Spellcasting
 41195 | Elf:3    | Identified the of Peramie
 41195 | Elf:3    | Identified the "Qycizez"
 41195 | Elf:3    | Identified the "Xajaezou"
 41195 | Elf:3    | Identified the "Qazadweff"
 41195 | Elf:3    | Identified the "Roaf"
 41195 | Elf:3    | Entered Level 3 of the Elven Halls
 41621 | Elf:3    | Paralysed by an air elemental for 1 turns
 41957 | Elf:2    | Found an ancient bone altar of Kikubaaqudgha.
 42110 | Elf:3    | Paralysed by an air elemental for 1 turns
 43357 | Elf:3    | Identified the +6 great sword of Fabbull {protect, rN+
                  | rCorr MP+9}
 43445 | Elf:3    | Identified the +6 glaive of the Conjuring Gnat {heavy, rN+}
 43602 | Elf:3    | Reached skill level 10 in Air Magic
 44413 | Elf:3    | Learned a level 3 spell: Swiftness
 44463 | Elf:3    | Reached skill level 10 in Summonings
 44715 | Elf:3    | Identified the +1 halberd of Xuer {venom, +Blink}
 44736 | Elf:3    | Identified the +8 trident of Debt {distort, rF+ rN+ Int+8
                  | Dex-4}
 44824 | Elf:3    | Identified the +7 mace "Vyniotet" {freeze, Str-3 Int+3
                  | Dex+5}
 45145 | Vaults:1 | Entered Level 1 of the Vaults
 45486 | Vaults:1 | Reached skill level 5 in Earth Magic
 46104 | Vaults:1 | Reached XP level 19. HP: 96/103 MP: 44/44
 46921 | Vaults:1 | Identified the amulet of Mexei {rElec Will- Regen+ Int+7
                  | Stlth-}
 46932 | Vaults:1 | Identified the +1 barding of Feinwuo {rF++ MP+9 Dex-3}
 47276 | Vaults:2 | Reached skill level 20 in Spellcasting
 47480 | Vaults:2 | Paralysed by a sphinx for 2 turns
 47965 | Vaults:2 | Found a staircase to the Crypt.
 49108 | Vaults:2 | Reached skill level 10 in Dodging
 49286 | Vaults:2 | Found Roehitomept's Antique Weapon Shop.
 49962 | Vaults:3 | Reached XP level 20. HP: 112/112 MP: 38/46
 50265 | Vaults:3 | Acquired 691 gold pieces
 50699 | Vaults:3 | Identified the +0 robe of Ciso {Harm rElec rF- rC+}
 50789 | Vaults:3 | Identified the +10 long sword "Goirch" {freeze, rN+}
 50873 | Vaults:3 | Reached skill level 21 in Spellcasting
 52063 | Vaults:3 | Found Jishraoc's Book Emporium.
 52281 | Vaults:4 | Found Koipp's Antique Armour Shoppe.
 52289 | Vaults:4 | Bought a brightly glowing robe for 193 gold pieces
 52289 | Vaults:4 | Identified the +0 robe of the Hecatoncheires {rPois Regen+}
                  | (You bought it in a shop on level 4 of the Vaults)
 52291 | Vaults:4 | Bought a pair of embroidered gloves for 255 gold pieces
 52469 | Vaults:4 | Bought a shiny helmet for 255 gold pieces
 52972 | Vaults:4 | Noticed Mara
 52983 | Vaults:4 | Noticed Lobster4's illusion
 52983 | Vaults:4 | Killed Mara
 53300 | Vaults:4 | Noticed Donald
 53323 | Vaults:4 | Killed Donald
 54623 | Depths:1 | Entered Level 1 of the Depths
 54639 | Depths:1 | Reached XP level 21. HP: 120/120 MP: 25/48
 54733 | Depths:1 | Found a one-way gate to the infinite horrors of the Abyss.
 55163 | Depths:1 | Found a radiant altar of Vehumet.
 55238 | Depths:1 | Reached skill level 1 in Long Blades
 55542 | Depths:1 | Found a gateway to Hell.
 55547 | Depths:1 | Identified the amulet of the Ten Xalams {Regen+ Str+3}
 55606 | Depths:1 | Identified the ring "Curagrem" {rPois Int+3 SInv}
 55638 | Depths:1 | Identified the ring "Vatat" {Fly rElec rF++ rC- Str+2}
 57151 | D:11     | Bought the amulet "Jeezumoa" {RegenMP rN+ Str+2} for 4540
                  | gold pieces
 57491 | Snake:1  | Noticed Nikola
 57758 | Snake:1  | Killed Nikola
 58699 | Snake:1  | Identified the serpent talisman "Zyotiqeo" {*Slow Dex+6}
 58699 | Snake:1  | Noticed Aizul
 58712 | Snake:1  | Killed Aizul
 60260 | Snake:2  | Noticed Vashnia
 60266 | Snake:2  | Killed Vashnia
 60736 | Snake:2  | Identified the +0 robe of the Armadillo {Drain rN++ Slay+3
                  | Archmagi}
 60810 | Snake:2  | Noticed Saint Roka
 60827 | Snake:2  | Killed Saint Roka
 60828 | Snake:2  | Reached skill level 22 in Spellcasting
 62100 | Snake:3  | Found Nudghai's Assorted Antiques.
 62329 | Snake:3  | Found Bummac's Weapon Boutique.
 62624 | Snake:3  | Noticed Asterion
 62637 | Snake:3  | Killed Asterion
 62885 | Snake:3  | Identified the ring of Xom's Recklessness {rElec rF+ rC+
                  | Str+3}
 63022 | Snake:4  | Entered Level 4 of the Snake Pit
 63022 | Snake:4  | Found Giloh's Overcharged Wands.
 63026 | Snake:4  | Found Ybosiff's Jewellery Shop.
 63027 | Snake:4  | Found Jeluapuuli's Book Shoppe.
 63028 | Snake:4  | Found Ikkovuse's Jewellery Shop.
 63448 | Snake:4  | Reached skill level 10 in Fighting
 64261 | Snake:4  | Reached XP level 22. HP: 63/127 MP: 40/50
 64847 | Snake:4  | Got a serpentine rune of Zot
 65328 | Crypt:1  | Entered Level 1 of the Crypt
 65783 | Crypt:1  | Reached skill level 10 in Shields
 67155 | Crypt:1  | Noticed a royal mummy
 67399 | Crypt:1  | Killed a royal mummy
 69162 | Crypt:3  | Entered Level 3 of the Crypt
 69308 | Crypt:3  | Reached skill level 23 in Spellcasting
 69722 | Crypt:3  | Found an ancient bone altar of Kikubaaqudgha.
 70084 | Crypt:3  | Identified the +10 mace "Vaxt" {heavy, rN+ Dex+4}
 70154 | Crypt:3  | Identified the +12 hand axe "Diumipt" {vamp, rF+ Str+3}
 70796 | Crypt:3  | Reached XP level 23. HP: 100/132 MP: 46/52
 71054 | Crypt:3  | Identified the +7 chain mail of the Game Afoot {Int+7
                  | Dex-3}
 71102 | Crypt:3  | Found a staircase to the Tomb.
 71102 | Crypt:3  | Noticed Khufu
 71149 | Crypt:3  | Killed Khufu
 71726 | Depths:2 | Found a one-way gate leading to the halls of Pandemonium.
 72348 | Depths:2 | Noticed the Enchantress
 72356 | Depths:2 | Killed the Enchantress
 73002 | Depths:3 | Reached skill level 15 in Dodging
 73003 | Depths:3 | Noticed Boris
 73019 | Depths:3 | Killed Boris
 73198 | Depths:3 | Noticed a caustic shrike
 73213 | Depths:3 | Killed a caustic shrike
 73531 | Depths:3 | Noticed Jory
 73555 | Depths:2 | Killed Jory
 73556 | Depths:2 | Reached skill level 24 in Spellcasting
 73650 | Depths:3 | Reached skill level 10 in Armour
 74461 | Depths:3 | Noticed Grunn
 74473 | Depths:3 | Killed Grunn
 74937 | Depths:3 | Noticed a juggernaut
 75095 | Depths:3 | Killed a juggernaut
 75189 | Depths:3 | Noticed a caustic shrike
 75198 | Depths:3 | Killed a caustic shrike
 75367 | Depths:3 | Reached XP level 24. HP: 138/138 MP: 44/53
 75496 | Depths:4 | Entered Level 4 of the Depths
 75559 | Depths:4 | Noticed a juggernaut
 75568 | Depths:4 | Killed a juggernaut
 76356 | Depths:4 | Found a one-way gateway to a ziggurat.
 77196 | Depths:4 | Found a gate to the Realm of Zot.
 77704 | Vaults:5 | Entered Level 5 of the Vaults
 77708 | Vaults:5 | Reached skill level 25 in Spellcasting
 78251 | Vaults:5 | Identified the +9 spear "Tormentor" {heavy, rF+ rC+}
 78711 | Vaults:4 | HP: 1/140 [stone giant/large rock (8)]
 79079 | Vaults:5 | Shot with a bolt by a yaktaur captain

Illustrated notes

Levels and vault maps discovered:
D:1:      nzn_arrival_crosshair, layout_loops_cross, corexii_leaking_fountain,
          minmay_misc_feat_encased
D:2:      layout_rooms, basic_altar, shapermc_ecumenical_altar_hornbeckon
D:3:      minmay_evil_eye, layout_loops_ring, gammafunk_ghost_gnarly_gnolls,
          minmay_misc_feat_square, serial_park_tiny_2, uniq_terence, uniq_ijyb,
          uniq_natasha
D:4:      layout_layer_cave, minmay_temple_entry_hall
D:5:      layout_loops_ring
D:6:      layout_loops_cross, grunt_temple_overflow_opulence,
          general_overflow_altar, nicolae_hepliaklqana_hazy_memory,
          grunt_temple_overflow_open, minmay_crystal_room,
          hangedman_decor_opposing, nicolae_grassy_gnolls, uniq_grinder
D:7:      layout_basic, uniq_pikel
D:8:      layout_basic, serial_co_window_serial, co_window_cross_1,
          co_window_paths_a, co_window_corner_a, co_window_paths_b,
          co_window_paths_a, co_window_broadway_c, co_window_broadway_a,
          co_window_of_opportunity_c, co_window_unsneaky_path_b,
          co_window_unsneaky_path_c, co_window_4corner_b
D:9:      layout_gridville, nicolae_wu_jian_wuxing_cycle, dpeg_lair_monsters,
          orc_0_dummy, enter_bailey_2, due_unseen_surprise, uniq_psyche,
          uniq_gastronok, uniq_maurice
D:10:     layout_rooms, serial_shops, shop
D:11:     layout_irregular_city, nicolae_gozag_zags_fifth_avenue
D:12:     layout_long_grid, kb_rosetta, uniq_lodul
D:13:     layout_roguey, erik_vaults_1, gammafunk_ghost_necromancy,
          portal_ice_cave_entry_pillars_1, serial_shops,
          nicolae_shop_tiny_statue_garden
D:14:     layout_roguey, infiniplex_staircase_pillars_3a, serial_demonic,
          serial_demonic_e, serial_demonic_f, serial_demonic_d,
          serial_demonic_g, uniq_roxanne, uniq_nessos, uniq_josephine
D:15:     hangedman_depths_entry_civil_slaughter, layout_basic,
          amethyst_killhole, serial_shops, nicolae_shop_back_alley_shop,
          xom_shifter_show
Temple:   nicolae_temple_bog_church
Lair:1:   layout_small_grid
Lair:2:   layout_chaotic_city, swamp_mist, dummy_snake_entry,
          grunt_megastairs_4, lemuel_fruit_fields, serial_bayou_shore_a,
          uniq_sonja
Lair:3:   layout_cave_pods, uniq_amaemon
Lair:4:   layout_cave_pods, grunt_forest_large_clearings
Lair:5:   minmay_lair_end_frog_pond, layout_loops_ring,
          nicolae_slime_entry_field_trip, chequers_serial_rivers_small_b
Swamp:1:  layout_falls_marsh, nicolae_swamp_triple_paths, swamp_pool_1_2,
          hangedman_swamp_cone
Swamp:2:  layout_falls_marsh, evilmike_swamp_ruin_rubble_2, st_swamp_ruins_2
Swamp:3:  layout_basic_swamp, hangedman_swamp_blocks
Swamp:4:  swamp_alternative, layout_basic_swamp
Snake:1:  kennysheep_six_static_rooms, layout_layer_cave, evilmike_ambush
          [evilmike_ambush_outer_basic, evilmike_ambush_inner_basic],
          uniq_nikola, uniq_aizul
Snake:2:  layout_basic, uniq_vashnia, uniq_saint_roka
Snake:3:  minmay_snake_river, layout_chambers,
          nicolae_snake_serpentine_hallways, grunt_megastairs_2,
          minmay_shoptagon, uniq_asterion
Snake:4:  johnstein_snake_rune_scales, layout_chambers,
          nicolae_shop_overcharged_wands, minmay_shop_grove, lemuel_fruit_tree
Orc:1:    minmay_goldmine, layout_diamond_mine, uniq_jorgrun
Orc:2:    st_orc_ogre_mass, layout_caves, serial_shops, shop,
          gammafunk_ghost_split, uniq_rupert
Elf:1:    nicolae_elf_arrival_fired_up, layout_geoelf_grid, special_room
          [special_room_orc], evilmike_minifort
Elf:2:    nicolae_elf_blades_splatter_lattice [nicolae_blade_lattice],
          layout_onion_city, hangedman_elven_ridges, lemuel_upstairs_altar
Elf:3:    minmay_elf_hall, layout_geoelf_castle
Vaults:1: mu_enter_wizlab_2, nicolae_vaults_shipping_containers_5,
          vaults_dpeg_emergency_exit, nicolae_vaults_alarming, v_misc_30,
          grunt_vaults_twisty, nicolae_vaults_bisected_exclaves,
          nicolae_vaults_diamond_2, nicolae_vaults_house_1,
          nicolae_vaults_trapezoid_1, nicolae_vaults_variable_pillar_hall,
          nicolae_vaults_ring_of_whatevers, layout_vaults_omnicross
Vaults:2: blue_anna_dwarven_crypt, vaults_room_stairs_pillars,
          vaults_room_door_hall, nicolae_vaults_wrenched, nicolae_vaults_theta,
          hangedman_vaults_capsules, ontoclasm_vaults_ligature,
          nicolae_vaults_tetromino_L_2, ontoclasm_vaults_chip,
          nicolae_vaults_quartermaster, vaults_room_pools,
          ontoclasm_vaults_chip, ontoclasm_vaults_fault,
          layout_vaults_maze_snakey, serial_shops, shop
Vaults:3: nicolae_vaults_big_ls, v_misc_4, nicolae_vaults_variable_pillar_hall,
          hangedman_vaults_nodes, nicolae_vaults_heart-shaped_vault,
          nicolae_vaults_diamond_2, vaults_room_hangedman_quadrants, v_misc_25,
          nicolae_vaults_storage_room_glass, v_pattern_3,
          nicolae_vaults_diamond_2, nicolae_vaults_windows_and_doors_thing,
          layout_vaults_omnibox, serial_shops, nicolae_shop_crystal
Vaults:4: v_misc_27, nicolae_vaults_shipping_containers_4,
          nicolae_vaults_closet_pinwheel_2, nicolae_vaults_heart-shaped_vault,
          nicolae_vaults_storage_closets_3, v_pattern_1,
          nicolae_vaults_asterisk, v_misc_33, nicolae_vaults_apartment_1,
          layout_vaults_omnigrid, serial_shops, nicolae_shop_tiny_waterfront,
          uniq_donald, uniq_mara
Vaults:5: serial_shops, uniq_margery
Crypt:1:  lemuel_minitomb, layout_chaotic_city, grunt_megastairs_3
Crypt:2:  dreamdust_cat_pyramid, layout_basic, amcnicky_mini_pool_small
Crypt:3:  grunt_crypt_end_deaths_head
Depths:1: layout_cave_shapes, lightli_too_deep, nicolae_vehumet_altar_sigil,
          abyss_entry, minivault_12, nicolae_triple_integral
Depths:2: minmay_coctagon, layout_basic, infiniplex_staircase_x, pan_entry,
          abyss_entry, hell_entry, uniq_enchantress
Depths:3: hangedman_pleasuredromes, abyss_entry, hell_entry, uniq_boris,
          uniq_grunn, uniq_jory
Depths:4: grunt_zot_entry_gee_three, layout_cave_pools, enter_ziggurat_f,
          hell_entry, fountainhead

Skill      XL: |  1  2  3  4  5  6  7  8  9 10 11 12 13 14 15 16 17 18 19 20 21 22 23 24 |
---------------+-------------------------------------------------------------------------+-----
Stealth        | 3 4 5 9 10 12 14 16 18 19 | 19.0
Dodging        | 3 4 5 6 7 10 11 13 14 15 16 | 16.0
Armour         | 1 2 3 4 5 6 7 11 13 | 13.5
Spellcasting   | 4 5 6 7 8 10 11 13 15 16 17 18 19 20 21 22 23 24 25 | 25.6
Conjurations   | 5 6 7 8 9 10 11 13 14 15 16 17 18 19 20 21 22 | 22.1
Short Blades   | 1 2 3 4 |  4.0
Fighting       | 1 2 4 5 6 8 9 10 11 | 11.0
Translocations | 1 2 3 4 5 6 7 |  7.0
Evocations     | 1 2 3 |  3.0
Ranged Weapons | 2 4 6 7 8 10 12 14 15 16 17 18 19 | 19.0
Shields        | 1 3 4 5 6 7 9 11 12 | 12.0
Poison Magic   | 3 |  3.0
Air Magic      | 3 4 6 7 9 10 11 12 13 | 13.0
Ice Magic      | 3 4 |  4.0
Summonings     | 3 5 7 9 10 | 10.0
Hexes          | 3 5 |  5.0
Earth Magic    | 2 3 5 7 |  7.0
Long Blades    | 1 |  1.9

Action                     |  1- 3 |  4- 6 |  7- 9 | 10-12 | 13-15 | 16-18 | 19-21 | 22-24 || total
---------------------------+-------+-------+-------+-------+-------+-------+-------+-------++-------
  Melee: Short sword       |       |       |     2 |       |       |       |       |       ||     2
         Staff             |       |       |     1 |       |       |       |       |       ||     1
         Dagger            |       |       |       |    15 |       |       |       |       ||    15
         Rapier            |       |       |       |     3 |     2 |       |       |       ||     5
   Fire: Sling             |       |       |    15 |     1 |       |       |       |       ||    16
         Hand cannon       |       |       |       |    15 |   279 |   233 |   862 |   956 ||  2345
  Throw: Dart              |       |       |    20 |     6 |     1 |       |       |       ||    27
         Throwing net      |       |       |       |     2 |       |       |       |       ||     2
   Cast: Magic Dart        |    78 |    51 |   102 |    60 |    92 |    27 |       |       ||   410
         Searing Ray       |     3 |    18 |    64 |    68 |    99 |    23 |     2 |       ||   277
         Iskenderun's Myst |       |       |    13 |    51 |   142 |   127 |   270 |   573 ||  1176
         Momentum Strike   |       |       |       |    22 |    48 |     8 |       |       ||    78
         Volatile Blastmot |       |       |       |     8 |     2 |     1 |       |       ||    11
         Mephitic Cloud    |       |       |       |    13 |    10 |     1 |     2 |     1 ||    27
         Freezing Cloud    |       |       |       |    14 |    75 |   100 |    96 |    81 ||   366
         Poisonous Vapours |       |       |       |       |    44 |     6 |     1 |       ||    51
         Airstrike         |       |       |       |       |   115 |   296 |    40 |    34 ||   485
         Fulminant Prism   |       |       |       |       |    12 |    11 |     3 |     4 ||    30
         Bombard           |       |       |       |       |       |   107 |    67 |    88 ||   262
         Spellforged Servi |       |       |       |       |       |    18 |    10 |    11 ||    39
         Lee's Rapid Decon |       |       |       |       |       |     1 |       |    10 ||    11
         Brom's Barrelling |       |       |       |       |       |       |    39 |     9 ||    48
  Evoke: Wand              |       |       |     5 |     7 |     4 |       |     2 |       ||    18
    Use: Scroll            |       |     2 |     4 |    13 |    20 |     6 |     3 |    11 ||    59
         Potion            |       |       |       |     4 |     3 |     3 |     7 |    10 ||    27
   Stab: Sleeping          |       |       |       |     4 |       |       |       |       ||     4
 Armour: Robe              |     3 |     5 |    44 |    28 |    30 |   197 |    81 |       ||   388
         Steam dragon scal |       |       |       |    26 |    52 |       |       |       ||    78
         Skin              |       |       |       |       |       |       |     8 |       ||     8
         Leather armour    |       |       |       |       |       |       |    64 |       ||    64
         Ring mail         |       |       |       |       |       |       |   142 |   408 ||   550
  Dodge: Dodged            |     4 |    10 |    26 |    71 |    37 |    58 |   139 |   203 ||   548
  Block: Buckler           |       |       |     1 |    17 |    47 |    60 |    87 |       ||   212
         Reflection        |       |       |       |       |    11 |    13 |    59 |    34 ||   117
         Kite shield       |       |       |       |       |       |       |    65 |   280 ||   345

Table legend: (Time is in decaauts)
 A = Elapsed time spent in this place.
 B = Non-inter-level travel time spent in this place.
 C = Inter-level travel time spent in this place.
 D = Time resting spent in this place.
 E = Time spent auto-exploring this place.
 F = Levels seen in this place.
 G = Mean time per level.
                   A        B        C        D        E       F      G
               +--------+--------+--------+--------+--------+-----+--------+
         Total |  79849 |  73930 |   5919 |  23690 |  35471 |  48 | 1663.5 |
       Dungeon |  21255 |  18603 |   2652 |   3878 |  11700 |  15 | 1417.0 |
        Temple |     16 |      9 |      7 |      0 |      0 |   1 |   16.0 |
          Lair |   7870 |   7318 |    552 |   1613 |   4645 |   5 | 1574.0 |
         Swamp |   6942 |   6736 |    206 |   3234 |   2539 |   4 | 1735.5 |
     Snake Pit |   6957 |   6611 |    346 |   1550 |   3930 |   4 | 1739.2 |
  Orcish Mines |   2721 |   2454 |    267 |    689 |   1255 |   2 | 1360.5 |
   Elven Halls |   7523 |   7135 |    388 |   3182 |   2487 |   3 | 2507.7 |
        Vaults |  11029 |  10067 |    962 |   3899 |   4196 |   5 | 2205.8 |
         Crypt |   6319 |   6125 |    194 |   2595 |   1566 |   3 | 2106.3 |
        Depths |   7628 |   7286 |    342 |   2373 |   2936 |   4 | 1907.0 |
        Bailey |    590 |    590 |      0 |    199 |      0 |   1 |  590.0 |
      Ice Cave |    994 |    994 |      0 |    476 |    216 |   1 |  994.0 |
               +--------+--------+--------+--------+--------+-----+--------+

Top non-repeatable levels by time:
   Elf:3: 3752 daAuts
Vaults:4: 3667 daAuts
 Crypt:1: 2919 daAuts
Depths:3: 2553 daAuts
Vaults:3: 2537 daAuts
Vaults:2: 2490 daAuts
 Crypt:3: 2374 daAuts
 Swamp:3: 2301 daAuts
     D:9: 2296 daAuts
   Elf:2: 2295 daAuts
Vaults:1: 2284 daAuts
 Snake:4: 2003 daAuts
 Snake:3: 2002 daAuts
    D:13: 1910 daAuts
Depths:1: 1856 daAuts
